 Dungeon Crawl Stone Soup version 0.27.1-37-g7b29ead8ac (console) character file.

Game seed: 7242865563377160506

705 grimtooth the Covert (level 7, 0/24 (27) HPs)
             Began as a Felid Summoner on Nov 16, 2023.
             Was a Believer of Elyvilon.
             Slain by a wight (2 damage)
             ... on level 7 of the Dungeon on Nov 20, 2023.
             The game lasted 01:06:43 (13308 turns).

grimtooth the Covert (Felid Summoner)              Turns: 13308, Time: 01:06:44

HP:   0/24 (27)     AC:  2    Str:  4    XL:     7   Next: 39%
MP:   11/11         EV: 18    Int: 19    God:    Elyvilon [**....]
Gold: 273           SH:  0    Dex: 16    Spells: 3/10 levels left
                                        Lives: 0   Deaths: 2

rFire    . . .     SeeInvis +     - Unarmed
rCold    . . .     Faith    .   (shield unavailable)
rNeg     . . .     Spirit   .   (armour unavailable)
rPois    +         Reflect  .   (helmet unavailable)
rElec    .         Harm     .   (cloak unavailable)
rCorr    .         Rampage  .   (gloves unavailable)
Will     +....                  (boots unavailable)
Stlth    ++++......             (no amulet)
HPRegen  0.08/turn              h - ring of wizardry
MPRegen  0.12/turn              d - ring of poison resistance

@: heavily drained, quick
A: very small, claws 1, fangs 3, see invisible, speed 1, shaggy fur 2, stealthy
paws, no weapons or thrown items, no armour, multi-lived
a: Renounce Religion, Lesser Healing, Heal Other, Divine Protection


You were on level 7 of the Dungeon.
You worshipped Elyvilon.
Elyvilon was pleased with you.
You visited 2 branches of the dungeon, and saw 9 of its levels.
You also visited: Ossuary.

You collected 416 gold pieces.
You spent 143 gold pieces at shops.

Inventory:

Jewellery
 d - a ring of poison resistance (right paw)
 h - a ring of wizardry (left paw)
Wands
 i - a wand of digging (8)
 l - a wand of charming (14)
 p - a wand of flame (10)
Scrolls
 a - 2 scrolls of immolation
 c - a scroll of enchant armour {unknown}
 e - a scroll of fear
 g - a scroll of noise {unknown}
 j - a scroll of blinking
 k - a scroll of silence {unknown}
 n - a scroll of acquirement {unknown}
 s - a scroll of teleportation
 t - a scroll of fog {unknown}
 u - 2 scrolls of amnesia
Potions
 b - 2 potions of haste
 f - a potion of might
 o - 2 potions of flight
 q - 2 potions of curing
 r - 2 potions of ambrosia
 v - a potion of cancellation {unknown}
 w - 2 potions of invisibility {unknown}
 z - 3 potions of attraction


   Skills:
 + Level 4.2 Dodging
 - Level 8.5 Stealth
 - Level 6.0 Unarmed Combat
 - Level 2.0 Spellcasting
 * Level 7.9 Summonings
 - Level 0.4 Invocations


You had 3 spell levels left.
You knew the following spells:

 Your Spells              Type           Power      Damage    Failure   Level
L - Summon Small Mammal   Summ           100%       N/A       1%          1
M - Summon Guardian Gole  Hex/Summ       17%        N/A       4%          3
N - Call Canine Familiar  Summ           32%        N/A       1%          3

Your spell library contained the following spells:

 Spells                   Type           Power      Damage    Failure   Level
 Call Imp                 Summ           32%        N/A       1%          2
 Animate Skeleton         Necr           2%         N/A       7%          1
 Apportation              Tloc           2%         N/A       7%          1
 Corona                   Hex            1%         N/A       7%          1
 Summon Lightning Spire   Summ/Air       17%        N/A       13%         4


Dungeon Overview and Level Annotations

Branches:
Dungeon (8/15)             Temple (1/1) D:4         Ossuary (visited)
   Lair: D:8-11

Altars:
Ashenzari
Dithmenos
Elyvilon
Fedhas
Hepliaklqana
Kikubaaqudgha
Nemelex Xobeh
Okawaru
Qazlal
Sif Muna
Trog
Uskayaw
Vehumet
Wu Jian
Xom
Yredelemnul
Zin
The Shining One

Shops:
D:2 [   D:3 ?

Annotations:
D:3 1 runed translucent door, Crazy Yiuf
D:7 exclusions: 3 orcs, orc warrior and 4 wights
D:8 1 transporter, exclusions: door, steam dragon and two-headed ogre, DemonSlayer's ghost, novice DsBe


Innate Abilities, Weirdness & Mutations

You have sharp claws.
You have razor-sharp teeth.
You have supernaturally acute eyesight. (SInv)
You cover ground quickly. (Speed+)
You are covered in thick fur. (AC +2)
Your paws help you pounce on unaware monsters.
You are incapable of wielding weapons or throwing items.
You cannot wear armour.
You gain extra lives every three experience levels.


Message History

Your quokka bites the wight but does no damage.
The wight hits your quokka with a +3 mace!
Your quokka dies!
Your quokka's corpse disappears in a puff of smoke!
Your hound bites the wight but does no damage.
Your hound barely misses the wight.
Your hound bites the wight.
Your hound bites the wight.
Your hound barely misses the wight.
The wight hits your hound with a +3 mace!
The wight drains your hound.
Your hound dies!
Your hound's corpse disappears in a puff of smoke!
Casting: Call Canine Familiar (safe; 1% risk of failure)
Confirm with . or Enter, or press ? or * to list all spells.
Your hound closely misses the wight.
Your hound bites the wight but does no damage.
Your hound bites the wight.
Your hound bites the wight.
Your hound bites the wight.
The wight is destroyed!
You swap places.
Things that are here:
a +3 mace; a +0 robe
There is a stone staircase leading down here.
You start resting.
Magic restored.
You start resting.
Your hound disappears in a puff of smoke!
HP restored.
This staircase leads to a travel-excluded area!
Enter next level anyway?
You climb downwards.
Level annotation: exclusions: 3 orcs, orc warrior and 4 wights The wight closely misses you.
The wight hits you with a +0 war axe!
There is a stone staircase leading up here.
The wight hits you with a +0 war axe!
Ouch! That really hurt!
* * * LOW HITPOINT WARNING * * *
You feel drained.
You die...

.. #. ###.. ###. .... ..... #..z
#..#.. #...###...... ......
#....z....P.. .....## #.@..._...
.........#...........P.... .
?.........z............ .
..................#....
......................
###..................... .
.#.....# ..........#...# ..
....z..#...........##..###...z...
...<..##............##.#........z
..>##..z..........$......#......#
........................##.......


You could see 3 wights.

Vanquished Creatures
  A water moccasin (D:7)
  A necrophage (D:6)
  An ogre (D:4)
  A centaur (D:8)
  A kobold brigand (D:6)
  2 scorpions
  2 water moccasin zombies
  A wight (D:7)
  A bullfrog zombie (D:5)
  A centaur zombie (Ossuary)
  3 hounds
  2 orc priests (D:5)
  An iguana (D:5)
  A hound zombie (Ossuary)
  A mummy (Ossuary)
  Robin (D:4)
  A howler monkey skeleton (D:5)
  4 adders
  4 adder zombies (Ossuary)
  4 dart slugs
  14 orcs
  5 bats
  2 endoplasms
  3 giant cockroaches
  A gnoll zombie (Ossuary)
  12 goblins
  3 hobgoblins (D:1)
  A jackal (D:3)
  8 kobolds
  7 ball pythons
  3 frilled lizards
  3 goblin zombies
  A hobgoblin zombie (Ossuary)
  A jackal zombie (Ossuary)
  2 kobold zombies (Ossuary)
  2 orc zombies (Ossuary)
  2 quokka zombies
  2 rats
  A rat zombie (Ossuary)
107 creatures vanquished.

Vanquished Creatures (collateral kills)
  A sky beast (D:5)
  An ogre (D:7)
  2 elf zombies (Ossuary)
  2 scorpions
  A wyvern skeleton (D:7)
  2 wights
  A bullfrog zombie (D:5)
  A centaur zombie (Ossuary)
  A human zombie (Ossuary)
  An orc priest (D:4)
  2 orc wizards
  Ijyb (D:4)
  2 iguanas
  A hound zombie (Ossuary)
  2 mummies (Ossuary)
  4 gnolls (D:5)
  An adder (D:5)
  An adder zombie (Ossuary)
  A worm (D:3)
  14 orcs
  7 ball pythons
  4 endoplasms
  4 giant cockroaches
  4 hobgoblins
  7 jackals
  6 kobolds
  A quokka (D:1)
  3 bats
  7 frilled lizards (D:3)
  2 goblins
  A goblin zombie (Ossuary)
  A hobgoblin zombie (Ossuary)
  A jackal zombie (Ossuary)
  A kobold zombie (Ossuary)
  An orc zombie (Ossuary)
  3 quokka zombies (Ossuary)
  2 rats
  3 rat zombies (Ossuary)
100 creatures vanquished.

Vanquished Creatures (others)
  A fungus (D:3)
  10 plants
11 creatures vanquished.

Grand Total: 218 creatures vanquished

Notes
Turn   | Place    | Note
-------+----------+-------------------------------------------
     0 | D:1      | grimtooth the Felid Summoner began the quest for the Orb.
     0 | D:1      | Reached XP level 1. HP: 7/7 MP: 4/4
   119 | D:1      | Reached skill level 3 in Stealth
   275 | D:1      | Reached XP level 2. HP: 11/11 MP: 3/6
  1375 | D:1      | Learned a level 2 spell: Call Imp
  1384 | D:2      | Reached XP level 3. HP: 7/14 MP: 4/7
  1809 | D:2      | Found Liweubim's Antique Armour Shoppe.
  2534 | D:2      | Reached skill level 5 in Summonings
  2534 | D:2      | - that was bit careless
  2947 | D:3      | Learned a level 3 spell: Call Canine Familiar
  3073 | D:2      | Reached skill level 4 in Stealth
  3468 | D:3      | Reached XP level 4. HP: 15/18 MP: 6/8
  3662 | D:3      | Found Zoeph's Magic Scroll Shoppe.
  3676 | D:3      | Bought a scroll of teleportation for 33 gold pieces
  3676 | D:3      | Bought a scroll of identify for 22 gold pieces
  3676 | D:3      | Bought a scroll of identify for 22 gold pieces
  3676 | D:3      | Bought a scroll of identify for 22 gold pieces
  3833 | D:3      | Found a runed translucent door.
  3834 | D:3      | Noticed Crazy Yiuf
  4102 | D:4      | Noticed Ijyb
  4588 | D:4      | Reached skill level 1 in Unarmed Combat
  4835 | D:4      | Noticed a scorpion
  4857 | D:4      | Killed a scorpion
  4858 | D:4      | Reached XP level 5. HP: 7/21 MP: 5/9
  5066 | D:4      | Found a staircase to the Ecumenical Temple.
  5072 | Temple   | Entered the Ecumenical Temple
  5145 | Temple   | Became a worshipper of Elyvilon the Healer
  5242 | D:4      | Noticed an ogre
  5404 | D:4      | Noticed Robin
  5424 | D:3      | Bought a scroll of identify for 22 gold pieces
  5424 | D:3      | Bought a scroll of identify for 22 gold pieces
  6003 | D:4      | Killed Ijyb
  6370 | D:4      | Killed Robin
  6643 | D:5      | Entered Level 5 of the Dungeon
  6787 | D:4      | Reached skill level 5 in Stealth
  7298 | D:5      | Gained mutation: You are covered in thick fur. (AC +2)
                  | [Felid growth]
  7298 | D:5      | Reached XP level 6. HP: 23/24 MP: 4/10
  7425 | D:5      | Noticed a sky beast
  7453 | D:5      | Killed a sky beast
  7850 | D:5      | Found a shadowy altar of Dithmenos.
  8347 | D:5      | Reached skill level 6 in Stealth
  8531 | D:5      | Reached XP level 7. HP: 27/27 MP: 9/11
  8698 | D:5      | Found an ornate altar of the Wu Jian Council.
  8725 | D:5      | Killed from afar by an orc priest
  8726 | D:5      | Reached XP level 6. HP: -1/24 MP: 7/10
  8726 | D:5      | - i said just before dude is going to smite me...
  8775 | D:5      | Noticed an angel
  8776 | D:5      | Found a glowing silver altar of Zin.
  9054 | D:6      | Noticed a steam dragon
  9086 | D:6      | Reached * piety under Elyvilon
  9137 | D:6      | Found a sand-covered staircase.
  9160 | Ossuary  | Entered an ossuary
  9438 | Ossuary  | Reached skill level 5 in Unarmed Combat
  9531 | Ossuary  | Reached XP level 7. HP: 26/27 MP: 11/11
  9707 | Ossuary  | Reached skill level 7 in Stealth
 10773 | D:7      | Found a blossoming altar of Fedhas.
 10812 | D:7      | Reached ** piety under Elyvilon
 10994 | D:7      | Reached skill level 8 in Stealth
 10994 | D:7      | Reached XP level 8. HP: 12/31 MP: 8/12
 11322 | D:7      | Found a bloodstained altar of Trog.
 11856 | D:8      | Found a broken altar of Ashenzari.
 11997 | D:8      | Found a transporter.
 12010 | D:8      | Noticed DemonSlayer's ghost (novice DsBe)
 12039 | D:8      | Noticed a two-headed ogre
 12466 | D:8      | Noticed a hornet
 12472 | D:8      | - what have i walked into here
 12553 | D:8      | Learned a level 3 spell: Summon Guardian Golem
 12891 | D:7      | - oh everyones waking up now
 13000 | D:6      | Killed from afar by a steam dragon
 13001 | D:6      | Reached XP level 7. HP: -8/37 MP: 5/11
 13308 | D:7      | Slain by a wight

Illustrated notes .# ####...# #.##### #.. .# ##.###.## #.....## #.# #####.#....# ####...####.# ##>.....#### #†#....... ....##..# #...####.# ###.##..######## ##### #.# # #............# #.. ###.##..######.# ### ### ....##.........####.#### #.......###.......†....# ##.###..# #.#.##@#####.# #.# #..# #.####.# .# #.# ######..###.# .# #.# ##.....##r# .# #.# #.P...###.#####.# #.# ##.#...##.......# #.# #....####...##.# #.. ####P.# #.#.# .# ### #.#.# .# #.... .# ###.#### Turn 2534 on D:2: - that was bit careless

........# #..............
...(....###### #..............
.....>.......#### #........##....
###'#'#.##......###..............
#.#.#.##.......#####...........
#.#.#.##.......#####...........
#####.######.....'...'.....######
≈≈........(##....##.##.....#
≈≈≈...(.)..##....##.##!....#
≈≈≈≈...♣_..##....##+##...†.#
≈≈≈.......r##...@....#####.+
≈≈≈≈.....†.###.......# ##
≈≈...(..)).# #.......#
≈.......oh.#.........#
#########.##.........# #####
........#.#...........# #...#
......................# #.#.#
................###...# #.._.
#.......####... ###.#
#.............. #..
#.............o ###


Turn 8726 on D:5: - i said just before dude is going to smite me... ..#
########### #.## #.........# #..####### #.##......# #........####.#.#####.#
#.##.#.........##o$?##.# #.⌠#...#.####..#5.[(.# ...#...........#Y5)(z#
..#####...)###.#Ycz.?# ..#...#...##:###'oJ.# ..+...+...#JyF+.##
......#...##F###@## ..#####....#####..##..# ...#.....#....#....#..
#.⌠...##.####.'[...#.# #.#......# #.##..##.# #....##.#####..####..##
#............#........# #.....#.####.###......# ..[...#.# #.# ##.....#
...####.####)# ##...## .... ........# ##.## Turn 12472 on D:8: - what have i
walked into here #...###.. ...... #........ .....## #.##...z.........$.
##.....##....................... ####.....#.....##................
......##.......# #.P.P...#....... #.............## #.._....#.......
........##...#####.P.P.....###... ...#.......................###...
#.###.....(.#...#...........#...# ### #..)....##.###......##.....##
##......#......#..####.....#. Turn 12891 on D:7: - oh everyones waking up now

Levels and vault maps discovered:
D:1:      dpeg_arrival_ternary, layout_rooms, minmay_misc_feat_secret_circle,
          grunt_decor_junction, minmay_box_of_dots
D:2:      layout_loops_cross, serial_shops, shop, minmay_shallow_snake_nest
D:3:      layout_rooms, serial_shops, nicolae_shop_trees, minmay_lizard_king,
          uniq_crazy_yiuf_cottage
D:4:      layout_loops_ring, minmay_temple_entry_fiery, minmay_misc_feat_rows,
          uniq_ijyb, uniq_robin
D:5:      layout_basic, zin_angel, lemuel_crystal_altar,
          nzn_wu_jian_contemplation
D:6:      layout_basic, enter_ossuary_4
D:7:      layout_cave_pools, trog_ov_bears_minmay, fedhas_altar_1,
          minmay_fountain_box
D:8:      layout_loops_ring, evilmike_ruin_ashenzari, gammafunk_ghost_hive,
          minmay_joined_circles
Temple:   nicolae_temple_hex_pool

Skill      XL: |  1  2  3  4  5  6  7  8 |
---------------+-------------------------+-----
Stealth        | 3 4 5 6 8 |  8.5
Summonings     | 5 6 7 |  7.9
Unarmed Combat | 1 2 5 6 |  6.0
Dodging        | 3 4 |  4.2
Spellcasting   | |  2.0
Invocations    | |  0.4

Action                   |  1- 3 |  4- 6 |  7- 9 || total
-------------------------+-------+-------+-------++-------
Melee: Unarmed           |   128 |   234 |   157 ||   519
       Bite              |     9 |    18 |     9 ||    36
       Punch             |       |     3 |     3 ||     6
 Cast: Summon Small Mamm |    49 |    36 |    11 ||    96
       Call Imp          |     9 |     9 |       ||    18
       Call Canine Famil |       |    33 |    24 ||    57
       Summon Guardian G |       |       |     1 ||     1
Evoke: Wand              |       |       |     3 ||     3
  Use: Scroll            |       |    10 |     5 ||    15
       Potion            |       |     3 |     2 ||     5
 Stab: Sleeping          |    11 |    13 |     9 ||    33
       Distracted        |       |     6 |     1 ||     7
Armor: Skin              |    20 |     8 |    13 ||    41
Dodge: Dodged            |   146 |   163 |   120 ||   429
